 Dungeon Sprint DCSS version 0.27-a0-1548-gf8a67e7463 (webtiles) character file.

Game seed: 14581156259740015027

1381 mhtbhm the Cleaver (level 8, -3/123 HPs)
             Began as a Minotaur Fighter on July 13, 2021.
             Was an Initiate of Gozag.
             Slain by a tyrant leech (18 damage)
             ... in the Dungeon (Sprint VII: "The Pits").
             The game lasted 00:01:33 (1457 turns).

mhtbhm the Cleaver (Minotaur Fighter)               Turns: 1457, Time: 00:01:34

Health: -3/123     AC: 10    Str: 23    XL:     8   Next: 39%
Magic:  7/7        EV: 11    Int:  5    God:    Gozag
Gold:   1293       SH: 12    Dex: 10    Spells: 7/7 levels left

rFire    + . .     SeeInvis .   a - +2 hand axe
rCold    + . .     Faith    .   c - +0 kite shield
rNeg     . . .     Spirit   .   b - +3 ring mail
rPois    +         Reflect  .   (helmet restricted)
rElec    +         Harm     .   (no cloak)
rCorr    +         Rampage  .   (no gloves)
Will     .....     NoTele   +   (no boots)
Stlth    ..........             (no amulet)
HPRegen  0.30/turn              (no ring)
MPRegen  0.10/turn              (no ring)

@: berserking (expiring), resistant, gold aura, hasted, very quick
A: horns 2, retaliatory headbutt
a: Renounce Religion, Potion Petition, Call Merchant, Bribe Branch


You were in the Dungeon.
You worshipped Gozag.
Gozag was most pleased with you.
You visited 1 branch You collected 1818 gold pieces.
You paid 525 gold pieces to Gozag.

Inventory:

Hand Weapons
 a - a +2 hand axe (weapon)
Armour
 b - a +3 ring mail (worn)
 c - a +0 kite shield (worn)
Scrolls
 j - a scroll of blinking
 l - 5 scrolls of amnesia
 m - a scroll of summoning
Potions
 d - a potion of might
 e - 5 potions of curing
 f - 2 potions of heal wounds
 g - a potion of haste
 h - 4 potions of magic
 i - a potion of berserk rage
 k - 2 potions of invisibility


   Skills:
 + Level 11.2 Fighting
 + Level 12.4 Axes
 + Level 10.7 Armour
 + Level 4.5 Dodging
 + Level 1.1 Stealth
 + Level 10.5 Shields


You had 7 spell levels left.
You didn't know any spells.
Your spell library was empty.

Dungeon Overview and Level Annotations

Branches:
Dungeon (1/1)

Altars:
Ashenzari
Cheibriados
Dithmenos
Elyvilon
Fedhas
Gozag
Hepliaklqana
Kikubaaqudgha
Makhleb
Nemelex Xobeh
Okawaru
Qazlal
Ru
Sif Muna
Trog
Uskayaw
Vehumet
Wu Jian
Xom
Yredelemnul
Zin
The Shining One
Beogh
Jiyva
Lugonu


Innate Abilities, Weirdness & Mutations

You have a pair of horns on your head.
You reflexively headbutt those who attack you in melee.


Message History

You feel much better. You block the cane toad's attack.
Unknown command.
Okay, then.
A red film seems to cover your vision as you go berserk!
You feel yourself moving faster!
You feel mighty! The cane toad stings you.
Unknown command.
You slash the cane toad!
The cane toad is heavily wounded.
You hit the cane toad.
The cane toad is severely wounded.
The cane toad stings you.
You hit the cane toad. You headbutt the cane toad!
The cane toad is almost dead.
The cane toad stings you!
You slice the cane toad!!
You kill the cane toad!
Your Fighting skill increases to level 11!
Your Axes skill increases to level 12!
Your Dodging skill increases to level 4!
Your Stealth skill increases to level 1!
The tyrant leech bites you!
* * * LOW HITPOINT WARNING * * *
The tyrant leech draws strength from your injuries!
There is an open door, spattered with blood here.
You see here 27 gold pieces.
Your ring mail prevents you from hitting the tyrant leech.
Your headbutt misses the tyrant leech.
The tyrant leech is lightly wounded.
You slash the tyrant leech!
The tyrant leech is moderately wounded.
The tyrant leech bites you!
* * * LOW HITPOINT WARNING * * *
The tyrant leech draws strength from your injuries!
You slash the tyrant leech! You headbutt the tyrant leech!
The tyrant leech is heavily wounded.
You slash the tyrant leech!
The tyrant leech is severely wounded.
The tyrant leech bites you!!
You die...
Your body crumbles into a pile of gold.

#.#..[)))..##.......#
#.#..[)))..##.......#
#)###########.......#
#.)#.#.##.. #########
#.......#.######
##.#.#.##.#....#
#.......#'#....#
##.#.#.##w'$...+
#.......#@#....#
##.#.#..).#....#
###############


You could see a tyrant leech.

Vanquished Creatures
  A cane toad (D)
  A redback (D)
  A warg (D)
  2 floating eyes (D)
  3 ogres (D)
  A scorpion (D)
  4 wights (D)
  An orc priest (D)
  A quasit (D)
  An iguana (D)
  A gnoll (D)
  2 ufetubi (D)
  2 orcs (D)
  2 endoplasms (D)
  A goblin (D)
  A hobgoblin (D)
  3 jackals (D)
  A frilled lizard (D)
  2 kobolds (D)
31 creatures vanquished.

Notes
Turn   | Place    | Note
-------+----------+-------------------------------------------
     0 | D        | mhtbhm the Minotaur Fighter began the quest for the Orb.
     0 | D        | Reached XP level 1. HP: 19/19 MP: 0/0
    22 | D        | Found a bloodstained altar of Trog.
    22 | D        | Found a shimmering blue altar of Sif Muna.
    22 | D        | Found a viscous altar of Jiyva.
    22 | D        | Found a hazy altar of Hepliaklqana.
    22 | D        | Found an opulent altar of Gozag.
    23 | D        | Found a glowing golden altar of the Shining One.
    23 | D        | Found a glowing silver altar of Zin.
    23 | D        | Found a basalt altar of Yredelemnul.
    23 | D        | Found a shimmering altar of Xom.
    23 | D        | Found an ornate altar of the Wu Jian Council.
    23 | D        | Found a sacrificial altar of Ru.
    23 | D        | Found a stormy altar of Qazlal.
    23 | D        | Found an iron altar of Okawaru.
    23 | D        | Found a sparkling altar of Nemelex Xobeh.
    23 | D        | Found a burning altar of Makhleb.
    23 | D        | Found a blossoming altar of Fedhas.
    23 | D        | Found a white marble altar of Elyvilon.
    23 | D        | Found a shadowy altar of Dithmenos.
    23 | D        | Found a snail-covered altar of Cheibriados.
    26 | D        | Found a corrupted altar of Lugonu.
    26 | D        | Found a radiant altar of Vehumet.
    27 | D        | Found an ancient bone altar of Kikubaaqudgha.
    27 | D        | Found a hide-covered altar of Uskayaw.
    27 | D        | Found a broken altar of Ashenzari.
    30 | D        | Became a worshipper of Gozag Ym Sagoz the Greedy
   273 | D        | Noticed a scorpion
   278 | D        | Killed a scorpion
   279 | D        | Reached skill level 3 in Axes
   279 | D        | Reached skill level 1 in Dodging
   279 | D        | Reached XP level 2. HP: 17/30 MP: 1/1
   279 | D        | Reached XP level 3. HP: 21/37 MP: 2/2
   279 | D        | Reached XP level 4. HP: 25/44 MP: 3/3
   282 | D        | Reached skill level 4 in Axes
   491 | D        | Noticed a floating eye
   493 | D        | Paralysed by a floating eye for 3 turns
   497 | D        | Paralysed by a floating eye for 3 turns
   501 | D        | Killed a floating eye
   502 | D        | Reached skill level 5 in Axes
   502 | D        | Reached XP level 5. HP: 46/53 MP: 4/4
   546 | D        | Noticed an ogre
   554 | D        | Killed an ogre
   555 | D        | Reached skill level 6 in Axes
   561 | D        | Reached XP level 6. HP: 27/62 MP: 5/5
   790 | D        | Noticed a warg
   800 | D        | Reached skill level 7 in Axes
   810 | D        | Reached skill level 8 in Axes
   824 | D        | Reached XP level 7. HP: 36/71 MP: 6/6
   830 | D        | Reached skill level 9 in Axes
   830 | D        | Reached skill level 10 in Armour
   835 | D        | Reached skill level 10 in Fighting
  1128 | D        | Reached skill level 10 in Axes
  1231 | D        | Noticed a redback
  1238 | D        | Killed a redback
  1239 | D        | Reached skill level 11 in Axes
  1239 | D        | Reached skill level 10 in Shields
  1329 | D        | Paralysed by a floating eye for 4 turns
  1338 | D        | Reached XP level 8. HP: 81/81 MP: 7/7
  1429 | D        | Noticed a cane toad
  1429 | D        | Noticed a tyrant leech
  1452 | D        | Killed a cane toad
  1453 | D        | Reached skill level 12 in Axes
  1453 | D        | Reached skill level 1 in Stealth
  1457 | D        | Slain by a tyrant leech

Illustrated notes

Levels and vault maps discovered:
D:        pitsprint [storerooms_1, entrance_room_1, metal_vault_7, armoury_3,
          mini_pit_1, grid_room_1, main_hall_1, silver_pit, the_coven_1,
          the_vestibule_1, steel_vault_1, golden_pit, hallway_of_sentries,
          crystal_vault_2, iron_vault_1, final_vault]

Skill      XL: |  1  2  3  4  5  6  7  8 |
---------------+-------------------------+-----
Fighting       | 6 7 8 9 10 11 | 11.2
Armour         | 6 7 8 9 10 | 10.7
Shields        | 6 7 8 9 10 | 10.5
Axes           | 3 5 6 8 11 12 | 12.4
Dodging        | 1 2 3 4 |  4.5
Stealth        | 1 |  1.1

Action                   |  1- 3 |  4- 6 |  7- 9 || total
-------------------------+-------+-------+-------++-------
Melee: Hand axe          |    11 |    48 |    45 ||   104
       Headbutt          |     3 |    12 |     9 ||    24
       War axe           |     1 |       |       ||     1
Invok: Potion Petition   |       |       |     1 ||     1
  Use: Potion            |       |     3 |     4 ||     7
Armor: Scale mail        |    10 |     5 |       ||    15
       Ring mail         |       |     1 |     4 ||     5
Dodge: Dodged            |     6 |     8 |    12 ||    26
Block: Kite shield       |     8 |    16 |    16 ||    40

Table legend: (Time is in decaauts)
 A = Elapsed time spent in this place.
 B = Non-inter-level travel time spent in this place.
 C = Inter-level travel time spent in this place.
 D = Time resting spent in this place.
 E = Time spent auto-exploring this place.
 F = Levels seen in this place.
 G = Mean time per level.
                   A        B        C        D        E       F      G
               +--------+--------+--------+--------+--------+-----+--------+
         Total |   1464 |   1464 |      0 |   1042 |    126 |   1 | 1464.0 |
       Dungeon |   1464 |   1464 |      0 |   1042 |    126 |   1 | 1464.0 |
               +--------+--------+--------+--------+--------+-----+--------+

Top non-repeatable levels by time:
       D: 1464 daAuts
